 Dungeon Crawl Stone Soup version 0.24-a0-520-g8fd06ad0bc (webtiles) character file.

Game seed: 778680565434504461

383 Gynju the Shield-Bearer (level 7, -5/55 HPs)
             Began as a Formicid Fighter on July 26, 2019.
             Slain by an orc warrior
             ... wielding a +0 war axe
              (15 damage)
             ... on level 4 of the Dungeon.
             The game lasted 00:04:12 (3477 turns).

Gynju the Shield-Bearer (Formicid Fighter)          Turns: 3477, Time: 00:04:12

Health: -5/55      AC:  9    Str: 23    XL:     7   Next: 5%
Magic:  7/7        EV:  6    Int:  7    God:
Gold:   249        SH: 10    Dex: 10    Spells: 6/6 levels left

rFire    . . .     SeeInvis +   a - +0 war axe
rCold    . . .     Gourm    .   c - +0 shield
rNeg     . . .     Faith    .   r - +0 chain mail
rPois    .         Spirit   .   (helmet unavailable)
rElec    .         Reflect  .   x - scarf {repulsion}
rCorr    .         Harm     .   (no gloves)
MR       .....                  (no boots)
Stlth    ..........             (no amulet)
HPRegen  0.18/turn              (no ring)
MPRegen  0.10/turn              (no ring)

@: repel missiles
A: permanent stasis, dig shafts and tunnels, four strong arms, antennae 3
a: Dig, Shaft Self


You were on level 4 of the Dungeon.
You were not hungry.

You visited 1 branch of the dungeon, and saw 4 of its levels.

You collected 249 gold pieces.

Inventory:

Hand Weapons
 a - a +0 war axe (weapon)
Missiles
 v - 11 poisoned darts (quivered)
Armour
 c - a +0 shield (worn)
 r - a +0 chain mail (worn)
 x - a scarf of repulsion (worn)
Scrolls
 b - 4 scrolls of fog {unknown}
 g - a scroll of enchant weapon {unknown}
 h - a scroll of amnesia {unknown}
 i - a scroll of blinking {unknown}
 k - a scroll of immolation {unknown}
 n - 3 scrolls of remove curse {unknown}
 p - 4 scrolls of teleportation {unknown}
 q - a scroll of enchant armour {unknown}
 s - 2 scrolls of identify {unknown}
 t - a scroll of magic mapping {unknown}
Potions
 d - 2 potions of might
 e - a potion of curing
 j - 2 potions of degeneration {unknown}
 l - a potion of agility {unknown}
 m - 2 potions of heal wounds {unknown}
 o - 2 potions of brilliance {unknown}
 u - a potion of haste {unknown}
Comestibles
 f - 5 rations


   Skills:
 + Level 4.6 Fighting
 * Level 4.6 Axes
 + Level 4.6 Armour
 + Level 0.0 Dodging
 - Level 5.0 Shields


You had 6 spell levels left.
You didn't know any spells.
Your spell library was empty.

Dungeon Overview and Level Annotations

Branches:
Dungeon (4/15)
 Temple: D:4-7

Altars:
Gozag
Ru
Sif Muna
Vehumet
Xom
Yredelemnul


Innate Abilities, Weirdness & Mutations

You cannot be hasted, slowed, berserked, paralysed or teleported.
You can dig through walls and to a lower floor.
Your four strong arms can wield two-handed weapons with a shield.
You have a pair of large antennae on your head. (SInv)


Message History

You barely miss the gnoll.
The gnoll is severely wounded.
You block the gnoll's attack. The gnoll barely misses you.
You slash the gnoll!
You kill the gnoll!
You hit the orc warrior.
The orc warrior is lightly wounded.
You closely miss the orc warrior.
The orc warrior is lightly wounded.
You closely miss the orc warrior.
The orc warrior is lightly wounded.
You closely miss the orc.
The orc warrior hits you with a +0 war axe!!
* * * LOW HITPOINT WARNING * * *
The orc hits you with a +3 hand axe.
* * * LOW HITPOINT WARNING * * *
The orc hits you with a +3 hand axe.
* * * LOW HITPOINT WARNING * * *
The orc warrior hits you with a +0 war axe!
You die...

#...#..........##
#...#..........#
#...#..........#
#...###+###....#
#.).#.....+....#
#..<#.....#....## ..
#.).#.....####..# ..
#...#...........## .
#..@#............#
#..oo............###
#...#..(...........#
#...#...............
#...#...............
######....##########
#....#.........
#....'.........
#....#.........


You could see an orc warrior and an orc.

Vanquished Creatures
  2 ogres
  A scorpion (D:4)
  6 gnolls
  3 adders
  An ooze (D:1)
  2 worms
  5 dart slugs
  5 orcs
  5 giant cockroaches
  6 hobgoblins
  3 jackals (D:3)
  7 bats
  5 frilled lizards
  6 goblins
  4 kobolds
  10 rats
71 creatures vanquished.

Notes
Turn   | Place    | Note
-------+----------+-------------------------------------------
     0 | D:1      | Gynju the Formicid Fighter began the quest for the Orb.
     0 | D:1      | Reached XP level 1. HP: 18/18 MP: 1/1
   152 | D:1      | Reached XP level 2. HP: 24/24 MP: 2/2
   502 | D:1      | Reached XP level 3. HP: 28/29 MP: 3/3
   924 | D:2      | Reached skill level 4 in Shields
   951 | D:2      | Found a shimmering altar of Xom.
  1178 | D:2      | Found a radiant altar of Vehumet.
  1350 | D:2      | Reached XP level 4. HP: 37/37 MP: 4/4
  1518 | D:2      | Found an opulent altar of Gozag.
  1518 | D:2      | Found a sacrificial altar of Ru.
  1521 | D:2      | Found a deep blue altar of Sif Muna.
  1958 | D:2      | Reached XP level 5. HP: 42/42 MP: 5/5
  2272 | D:3      | Found a faded altar of an unknown god.
  3055 | D:4      | Found a basalt altar of Yredelemnul.
  3091 | D:4      | Noticed an ogre
  3096 | D:4      | Killed an ogre
  3096 | D:4      | Reached XP level 6. HP: 35/49 MP: 6/6
  3270 | D:4      | Noticed an ogre
  3272 | D:4      | Noticed an orc warrior
  3454 | D:3      | Killed an ogre
  3454 | D:3      | Reached skill level 5 in Shields
  3454 | D:3      | Reached XP level 7. HP: 55/55 MP: 7/7
  3477 | D:4      | Slain by an orc warrior

Levels and vault maps discovered:
D:1:      minmay_arrival_diagonal_passages, layout_loops_cross,
          chequers_serial_rivers_micro_b
D:2:      layout_basic, vehumet_crystals, gammafunk_temple_overflow_forgotten,
          nicolae_overflow_crystal_walls, first_ration
D:3:      layout_loops_corners, chequers_ecumenical_altar_simple_redux,
          corexii_shack
D:4:      layout_gridville, kennysheep_ying_yang, minivault_5

Skill      XL: |  1  2  3  4  5  6 |
---------------+-------------------+-----
Shields        | 4 5 |  5.0
Axes           | 3 4 |  4.6
Fighting       | 4 |  4.6
Armour         | 4 |  4.6

Action                   |  1- 3 |  4- 6 |  7- 9 || total
-------------------------+-------+-------+-------++-------
Melee: War axe           |    94 |    99 |    16 ||   209
  Use: Potion            |       |     1 |       ||     1
  Eat: Chunk             |     2 |     6 |       ||     8
Armor: Scale mail        |    40 |    18 |       ||    58
       Chain mail        |       |    25 |     1 ||    26
Dodge: Dodged            |    25 |    28 |     4 ||    57
Block: Shield            |    43 |    48 |    10 ||   101

Table legend:
 A = Non-vault XP
 B = Vault XP
 C = Vault XP percentage of total XP
 D = Non-vault monster count
 E = Vault monster count
 F = Vault count percentage of total count
                 A         B        C        D         E       F
            +---------+---------+-------+---------+---------+-------
      Total |     545 |       3 |   0.5 |      70 |       1 |   1.4
            +---------+---------+-------+---------+---------+-------
        D:1 |      36 |       0 |   0.0 |      20 |       0 |   0.0
        D:2 |     104 |       0 |   0.0 |      26 |       0 |   0.0
        D:3 |     150 |       3 |   2.0 |      14 |       1 |   6.7
        D:4 |     255 |       0 |   0.0 |      10 |       0 |   0.0
            +---------+---------+-------+---------+---------+-------
